 Dungeon Crawl Stone Soup version 0.24-a0-170-gd8427f5 (webtiles) character file.

Game seed: 8321728642378426985

172 Borgoz the Cutter (level 5, -2/29 HPs)
             Began as a Gargoyle Gladiator on Mar 8, 2019.
             Slain by a gnoll
             ... wielding a +0 club
              (6 damage)
             ... on level 3 of the Dungeon.
             The game lasted 00:03:22 (2260 turns).

Borgoz the Cutter (Gargoyle Gladiator)              Turns: 2260, Time: 00:03:23

Health: -2/29      AC: 10    Str: 18    XL:     5   Next: 52%
Magic:  4/4        EV: 12    Int:  9    God:
Gold:   122        SH:  0    Dex: 11    Spells: 4/4 levels left

rFire    . . .     SeeInvis +   a - +0 rapier
rCold    . . .     Gourm    .   (no shield)
rNeg     + . .     Faith    .   b - +0 leather armour
rPois    ∞         Spirit   .   p - +2 hat
rElec    +         Reflect  .   (no cloak)
rCorr    .         Harm     .   (no gloves)
MR       .....                  (no boots)
Stlth    +++.......             (no amulet)
HPRegen  0.09/turn              o - ring of see invisible
MPRegen  0.09/turn              (no ring)

@: no status effects
A: rugged brown scales 1, camouflage 1, frail 1, low mp 1, negative energy
resistance 1, electricity resistance, unbreathing, petrification resistance, rot
immunity, AC +4
a: no special abilities


You were on level 3 of the Dungeon.
You were not hungry.

You visited 1 branch of the dungeon, and saw 3 of its levels.

You collected 122 gold pieces.

Inventory:

Hand Weapons
 a - a +0 rapier (weapon)
 n - a +0 dagger of protection
Missiles
 d - 3 throwing nets (quivered)
Armour
 b - a +0 leather armour (worn)
 p - a +2 hat (worn)
Jewellery
 h - an uncursed ring of positive energy
 o - a ring of see invisible (left hand)
Scrolls
 e - 2 scrolls of remove curse {unknown}
 g - 3 scrolls of identify {unknown}
 k - a scroll of magic mapping {unknown}
 m - a scroll of teleportation {unknown}
Potions
 i - a potion of agility {unknown}
 j - a potion of brilliance {unknown}
 l - a potion of heal wounds
 q - a potion of haste {unknown}
Comestibles
 c - 10 chunks of flesh
 f - 5 rations


   Skills:
 + Level 3.1 Fighting
 * Level 3.8 Short Blades
 - Level 1.8 Throwing
 + Level 1.6 Armour
 + Level 3.2 Dodging
 + Level 1.9 Stealth


You had 4 spell levels left.
You didn't know any spells.
Your spell library was empty.

Dungeon Overview and Level Annotations

Branches:
Dungeon (3/15)

Altars:


Innate Abilities, Weirdness & Mutations

You are resistant to torment.
Your stone body is resilient. (AC +4)
You are immune to poison.
You resist negative energy. (rN+)
You are resistant to electric shocks. (rElec)
You can survive without breathing.
You are immune to petrification.
You are immune to rotting.
You are partially covered in rugged brown scales. (AC +1, +3% HP)
Your skin changes colour to match your surroundings (Stealth+).
You are frail. (-10% HP)
Your magical capacity is low. (-10% MP)


Message History

You hit the gnoll.
The gnoll is heavily wounded.
The gnoll hits you but does no damage.
You closely miss the gnoll.
The gnoll is heavily wounded.
The gnoll hits you but does no damage. x2
You barely miss the gnoll.
The gnoll is heavily wounded.
The gnoll closely misses you. x2; The gnoll hits you but does no damage.
The gnoll barely misses you.
You barely miss the gnoll.
The gnoll is heavily wounded.
The gnoll hits you with a +0 club. The gnoll misses you.
The gnoll completely misses you.
The gnoll hits you from afar with a +0 halberd of distortion.
Space warps horribly around you!!
Ouch! That really hurt!
* * * LOW HITPOINT WARNING * * *
The gnoll hits you but does no damage. The gnoll hits you with a +0 club.
You die...

########.###.#.#...#.###
#....)....#.#.#...#
#.###)###.#.#.###.# #.#
#.#.#.....# #.# ###
#.###.# ..# #..##.# #.#
#..##.# #.. #(..#.# #.#
#@#+#.. #.# #ggg..#
#SgK..# #.....# +....>#
#....## #....# #....#


You could see 4 gnolls, an adder and a kobold.

Vanquished Creatures
  Jessica (D:3)
  Terence (D:2)
  3 gnolls
  4 adders
  2 dart slugs
  A leopard gecko (D:1)
  3 orcs
  A ball python (D:1)
  A giant cockroach (D:1)
  4 goblins
  4 hobgoblins
  2 jackals (D:3)
  7 kobolds
  2 quokkas
  10 bats
  4 frilled lizards
  2 rats (D:2)
52 creatures vanquished.

Notes
Turn   | Place    | Note
-------+----------+-------------------------------------------
     0 | D:1      | Borgoz the Gargoyle Gladiator began the quest for the Orb.
     0 | D:1      | Reached XP level 1. HP: 12/12 MP: 1/1
   307 | D:1      | Reached XP level 2. HP: 14/17 MP: 2/2
   375 | D:1      | You fall through a shaft!
   398 | D:2      | Noticed Terence
   417 | D:2      | Gained mutation: You are frail. (-10% HP) [potion of
                  | mutation]
   417 | D:2      | Gained mutation: Your magical capacity is low. (-10% MP)
                  | [potion of mutation]
   417 | D:2      | Gained mutation: Your skin changes colour to match your
                  | surroundings (Stealth+). [potion of mutation]
   417 | D:2      | Gained mutation: You are partially covered in rugged brown
                  | scales. (AC +1, +3% HP) [potion of mutation]
   420 | D:2      | Killed Terence
   420 | D:2      | Reached XP level 3. HP: 10/20 MP: 2/2
   643 | D:2      | Reached skill level 1 in Armour
   643 | D:2      | Reached skill level 1 in Stealth
   643 | D:2      | Reached XP level 4. HP: 23/25 MP: 3/3
  1580 | D:2      | Reached XP level 5. HP: 14/29 MP: 4/4
  2111 | D:3      | Noticed Jessica
  2124 | D:3      | Killed Jessica
  2260 | D:3      | Slain by a gnoll

Levels and vault maps discovered:
D:1:      eino_arrival_tree_alley, layout_loops_corners
D:2:      layout_basic, uniq_terence
D:3:      layout_basic, lemuel_round_altar, nicolae_dithmenos_shadow_blocks,
          marbit_many_paths, nicolae_overflow_crystal_walls, first_ration,
          uniq_jessica

Skill      XL: |  1  2  3  4 |
---------------+-------------+-----
Short Blades   | 3 |  3.8
Dodging        | 3 |  3.2
Armour         | 1 |  1.6
Stealth        | 1 |  1.9
Fighting       | 3 |  3.1
Throwing       | |  1.8

Action                   |  1- 3 |  4- 6 || total
-------------------------+-------+-------++-------
Melee: Rapier            |    91 |   136 ||   227
Throw: Throwing net      |     1 |       ||     1
  Use: Potion            |     1 |     1 ||     2
 Stab: Sleeping          |       |     5 ||     5
  Eat: Chunk             |       |     5 ||     5
Armor: Leather armour    |    44 |    62 ||   106
Dodge: Dodged            |    88 |   108 ||   196

Table legend:
 A = Non-vault XP
 B = Vault XP
 C = Vault XP percentage of total XP
 D = Non-vault monster count
 E = Vault monster count
 F = Vault count percentage of total count
                 A         B        C        D         E       F
            +---------+---------+-------+---------+---------+-------
      Total |     173 |      73 |  29.7 |      50 |       2 |   3.8
            +---------+---------+-------+---------+---------+-------
        D:1 |      41 |       0 |   0.0 |      23 |       0 |   0.0
        D:2 |      91 |      36 |  28.3 |      18 |       1 |   5.3
        D:3 |      41 |      37 |  47.4 |       9 |       1 |  10.0
            +---------+---------+-------+---------+---------+-------
